 Dungeon Crawl Stone Soup version 0.29-a0-700-g2f1814c7b2 (webtiles) character file.

Game seed: 6678379924574821862

79 porpoise the Poker (level 4, 0/43 HPs)
             Began as a Tengu Berserker on June 26, 2022.
             Was a Believer of Trog.
             Slain by a ball python (1 damage)
             ... on level 3 of the Dungeon.
             The game lasted 00:04:52 (2054 turns).

porpoise the Poker (Tengu Berserker)                Turns: 2054, Time: 00:04:53

Health: 0/43       AC:  2    Str: 20    XL:     4   Next: 38%
Magic:  5/5        EV:  9    Int:  7    God:    Trog [**....]
Gold:   80         SH:  0    Dex: 13    Spells: 3/3 levels left

rFire   . . .      SeeInvis .   a - +0 spear
rCold   . . .      Faith    .   (no shield)
rNeg    . . .      Spirit   .   b - +0 animal skin
rPois   .          Reflect  .   (helmet restricted)
rElec   .          Harm     .   (no cloak)
rCorr   .          Rampage  .   (no gloves)
Will    +....                   (boots unavailable)
Stlth   ..........              (no amulet)
HPRegen 0.14/turn               l - ring of willpower
MPRegen 0.09/turn               (no ring)

@: berserking, constricted, very quick
A: beak, talons 3
a: Renounce Religion, Berserk, Trog's Hand


You were on level 3 of the Dungeon.
You worshipped Trog.
Trog was pleased with you.
You visited 1 branch of the dungeon, and saw 3 of its levels.

You collected 80 gold pieces.

Inventory:

Hand Weapons
 a - a +0 spear (weapon)
Missiles
 f - 9 poisoned darts (quivered)
 i - 3 boomerangs
Armour
 b - a +0 animal skin (worn)
Jewellery
 l - a ring of willpower (left hand)
Wands
 o - a wand of paralysis (8)
Scrolls
 c - a scroll of immolation {unknown}
 d - a scroll of fear
 e - a scroll of teleportation
 g - 2 scrolls of magic mapping {unknown}
 j - 2 scrolls of blinking {unknown}
 k - 2 scrolls of identify {unknown}
 m - 2 scrolls of poison {unknown}
Potions
 h - a potion of curing {unknown}
 n - a potion of flight {unknown}


   Skills:
 + Level 3.7 Fighting
 * Level 4.9 Polearms
 - Level 2.1 Armour
 - Level 2.1 Dodging


You had 3 spell levels left.
You didn't know any spells.
Your spell library was empty.

Dungeon Overview and Level Annotations

Branches:
Dungeon (3/15)

Altars:


Innate Abilities, Weirdness & Mutations

You have a beak for a mouth.
You have claws for feet.


Message History

There are monsters nearby!
The gnoll closely misses you.
You closely miss the gnoll. The gnoll barely misses you.
The gnoll hits you from afar with a +0 spear.
You hit the gnoll but do no damage. You claw the gnoll!
Your peck misses the gnoll.
The gnoll is heavily wounded.
The gnoll hits you with a +0 club. x2; The gnoll closely misses you.
The ball python closely misses you. x2
You barely miss the gnoll.
The gnoll is heavily wounded.
The ball python bites you. The ball python barely misses you.
The gnoll hits you with a +0 club. x2
The gnoll hits you from afar with a +0 spear.
Unknown command.
You are too injured to fight recklessly!
A red film seems to cover your vision as you go berserk!
You feel yourself moving faster!
You feel mighty!
The ball python bites you but does no damage.
The ball python grabs you. The ball python constricts you.
The gnoll hits you with a +0 club. x2
* * * LOW HITPOINT WARNING * * *
The gnoll hits you from afar with a +0 spear!
* * * LOW HITPOINT WARNING * * *
You are too injured to fight recklessly!
You are too injured to fight recklessly!
You are too injured to fight recklessly!
You closely miss the gnoll. You claw the gnoll.
You kill the gnoll!
Trog accepts your kill. The ball python bites you.
* * * LOW HITPOINT WARNING * * *
The ball python constricts you.
You hit the gnoll.
The gnoll is heavily wounded.
The gnoll closely misses you. The gnoll barely misses you.
You hit the gnoll.
The gnoll is almost dead.
The ball python bites you.
You die...

#[. #########
.##.......#
........[#
#.......###..
#..........
#..gS.).#
#...)@..#
#...g.<.#
#.##.#### #
#. .. #.. #..
#..


You could see 2 gnolls and a ball python.

Vanquished Creatures
  A gnoll (D:3)
  3 adders (D:2)
  A dart slug (D:1)
  3 endoplasms
  2 giant cockroaches (D:1)
  3 goblins
  6 hobgoblins
  2 kobolds (D:1)
  3 quokkas (D:1)
  2 ball pythons
  8 bats (D:1)
  A frilled lizard (D:2)
  3 rats
38 creatures vanquished.

Vanquished Creatures (others)
  4 fungi (D:1)
  3 plants (D:1)
7 creatures vanquished.

Grand Total: 45 creatures vanquished

Notes
Turn   | Place    | Note
-------+----------+-------------------------------------------
     0 | D:1      | porpoise the Tengu Berserker began the quest for the Orb.
     0 | D:1      | Reached XP level 1. HP: 14/14 MP: 2/2
   282 | D:1      | Reached XP level 2. HP: 19/19 MP: 3/3
   528 | D:1      | Reached skill level 4 in Polearms
   714 | D:1      | Reached XP level 3. HP: 23/23 MP: 4/4
   900 | D:1      | Found a faded altar of an unknown god.
  1483 | D:2      | Reached ** piety under Trog
  1488 | D:2      | Reached XP level 4. HP: 28/28 MP: 5/5
  2051 | D:3      | HP: 2/43 [gnoll/+0 spear (9)]
  2054 | D:3      | Slain by a ball python

Illustrated notes

Levels and vault maps discovered:
D:1:      sevenhm_arrival_forest_fort_small_4, layout_loops_ring,
          shapermc_ecumenical_altar_mp_urbaneastern, minmay_cut_off
D:2:      layout_basic, minmay_crystal_water, nicolae_figureground_pulse
D:3:      layout_loops_ring, chequers_jeans

Skill      XL: |  1  2 |
---------------+-------+-----
Polearms       | 4 |  4.9
Fighting       | |  3.7
Armour         | |  2.1
Dodging        | |  2.1

Action                   |  1- 3 |  4- 6 || total
-------------------------+-------+-------++-------
Melee: Spear             |    80 |    17 ||    97
       Kick              |    17 |     3 ||    20
       Peck              |    10 |     1 ||    11
Invok: Berserk           |       |     1 ||     1
  Use: Scroll            |       |     2 ||     2
 Stab: Sleeping          |     1 |     1 ||     2
Armor: Animal skin       |    11 |     1 ||    12
Dodge: Dodged            |    28 |    12 ||    40

Table legend: (Time is in decaauts)
 A = Elapsed time spent in this place.
 B = Non-inter-level travel time spent in this place.
 C = Inter-level travel time spent in this place.
 D = Time resting spent in this place.
 E = Time spent auto-exploring this place.
 F = Levels seen in this place.
 G = Mean time per level.
                   A        B        C        D        E       F      G
               +--------+--------+--------+--------+--------+-----+--------+
         Total |   2050 |   2002 |     48 |    446 |   1321 |   3 |  683.3 |
       Dungeon |   2050 |   2002 |     48 |    446 |   1321 |   3 |  683.3 |
               +--------+--------+--------+--------+--------+-----+--------+

Top non-repeatable levels by time:
     D:2: 1088 daAuts
     D:1: 946 daAuts
     D:3: 15 daAuts
